 Dungeon Crawl Stone Soup version 0.30.1-4-g462c640d31 (webtiles) character file.

Game seed: 11854204829973832005

13587 Heoruswealwe the Skirmisher (level 11, -48/105 HPs)
             Began as a Demigod Hunter on Aug 15, 2023.
             Annihilated by an enormous slime creature (72 damage)
             ... on level 12 of the Dungeon.
             The game lasted 01:35:02 (9592 turns).

Heoruswealwe the Skirmisher (Demigod Hunter)        Turns: 9592, Time: 01:35:02

Health: -48/105    AC:  8    Str: 12    XL:     11   Next: 49%
Magic:  14/14      EV: 13    Int: 11    God:
Gold:   455        SH:  0    Dex: 35    Spells: 10/10 levels left

rFire   . . .        b - +7 Throatcutter {drain, coup de grace}
rCold   . . .        (no shield)
rNeg    . . .        c - +0 troll leather armour
rPois   .            g - +1 helmet
rElec   .            h - +0 cloak
rCorr   .            f - +0 pair of gloves
SInv    +            (no boots)
Will    +....        (no amulet)
Stlth   +++          k - ring of see invisible
HPRegen 1.17/turn    j - +6 ring of dexterity
MPRegen 0.14/turn

%: no passive effects
@: studying Shields
A: high MP 1, forlorn, divine attributes
a: no special abilities


You were on level 12 of the Dungeon.
You visited 2 branches of the dungeon, and saw 13 of its levels.

You collected 657 gold pieces.
You spent 202 gold pieces at shops.

Inventory:

Hand Weapons
 a - a +0 arbalest of electrocution
 b - the +7 Throatcutter (weapon) {drain, coup de grace}
   (You found it on level 8 of the Dungeon)
 o - a +0 scimitar
Armour
 c - a +0 troll leather armour (worn)
 f - a +0 pair of gloves (worn)
 g - a +1 helmet (worn)
 h - a +0 cloak (worn)
 A - +0 gold dragon scales
 B - +0 steam dragon scales
Jewellery
 j - a +6 ring of dexterity (right hand)
 k - a ring of see invisible (left hand)
Wands
 m - a wand of polymorph (16)
 s - a wand of paralysis (12)
 y - a wand of iceblast (15)
 D - a wand of flame (9)
Scrolls
 d - a scroll of fog
 i - 2 scrolls of immolation
 l - 2 scrolls of magic mapping
 n - a scroll of poison
 r - a scroll of summoning
 w - 5 scrolls of teleportation
 x - a scroll of blinking
 F - 2 scrolls of silence
Potions
 e - 4 potions of mutation
 p - 5 potions of heal wounds
 q - 3 potions of might
 t - a potion of lignification {unknown}
 u - 3 potions of attraction {unknown}
 v - a potion of invisibility {unknown}
 z - a potion of flight
 C - a potion of haste {unknown}
 E - a potion of ambrosia


   Skills:
 + Level 12.5 Fighting
 + Level 12.9 Ranged Weapons
 - Level 1.7 Dodging
 - Level 0.8 Stealth


You had 10 spell levels left.
You didn't know any spells.
Your spell library contained the following spells:

 Spells                   Type           Power      Damage    Failure   Level
 Necrotise                Necr           0%         1d4       41%         1
 Blink                    Tloc           0%         N/A       56%         2
 Sublimation of Blood     Necr           0%         N/A       56%         2
 Wereblood                Tmut           0%         N/A       56%         2
 Ozocubu's Armour         Ice            0%         N/A       80%         3
 Vampiric Draining        Necr           0%         2d6       80%         3
 Vhi's Electric Charge    Tloc/Air       0%         N/A       80%         3
 Manifold Assault         Tloc           0%         N/A       99%         4
 Agony                    Necr           0%         N/A       100%        5
 Arcjolt                  Conj/Air       0%         1d10      100%        5
 Plasma Beam              Fire/Air       0%         2x1d11    100%        6
 Ozocubu's Refrigeration  Ice            0%         4d7       100%        7
 Storm Form               Tmut/Air       0%         N/A       100%        7
 Summon Hydra             Summ           0%         N/A       100%        7


Dungeon Overview and Level Annotations

Branches:
Dungeon (11/15)            Temple (1/1) D:5            Lair (0/5) D:11
    Orc (0/2) D:11

Shops:
D:4 (


Innate Abilities, Weirdness & Mutations

You have an increased reservoir of magic. (+10% MP)
You shall have no god before yourself.
Your divine heritage dramatically boosts your attributes as you level up.


Message History

5 slime creatures come into view.
The slime creature quivers. x3
A slime creature comes into view. x4
A gargoyle comes into view. It is wielding a +0 flail.
Two slime creatures merge to form a large slime creature.
You shoot a bolt. The bolt hits the gargoyle.
The gargoyle is lightly damaged.
The gargoyle hurls a stone arrow at you.
The stone arrow hits you!
You shoot a bolt. The bolt hits the gargoyle!
The gargoyle is heavily damaged.
The gargoyle hurls a stone arrow at you.
The stone arrow hits you!
You shoot a bolt. The bolt hits the gargoyle!!
You destroy the gargoyle!
An acid dragon comes into view.
The acid dragon roars!
You shoot a bolt.
The bolt hits the enormous slime creature!!
The enormous slime creature is lightly wounded.
You shoot a bolt.
The bolt hits the enormous slime creature!!
The enormous slime creature is lightly wounded.
The enormous slime creature closely misses you.
You shoot a bolt.
The bolt hits the enormous slime creature!
The enormous slime creature is moderately wounded.
The enormous slime creature closely misses you.
Two slime creatures merge to form a large slime creature.
The enormous slime creature hits you!!!
Ouch! That really hurt!
* * * LOW HITPOINT WARNING * * *
Your +0 arbalest of electrocution stops crackling.
You sense an unholy aura.
b - the +7 Throatcutter (weapon)
{drain, coup de grace} You slash the enormous slime creature!
The enormous slime creature is moderately wounded.
The enormous slime creature hits you!!!!
Ouch! That really hurt!
You die... #..# #.## ##.### ####....# ##.......# . #..##....# .. ###.###....#### JJJ ##...# #.......###### .... ...### #....##..@JJD# .J.JJ

####
#....#######J#...J.J
#....# #.'....J.
#....# ###......
###### ######


You could see an enormous slime creature, a large slime creature, a slime
creature and an acid dragon.

Vanquished Creatures
  2 two-headed ogres
  A cyclops (D:10)
  A manticore (D:11)
  A gargoyle (D:12)
  An unseen horror (D:8)
  4 kobold demonologists (D:8)
  2 komodo dragons (D:11)
  3 trolls
  Grinder (D:4)
  Prince Ribbit (D:8)
  A polar bear (D:10)
  A hornet (D:9)
  A shadow (D:11)
  2 centaur simulacra (D:10)
  2 unseen horror simulacra (D:10)
  2 wraiths
  2 wyverns (D:10)
  4 steam dragons
  14 yaks
  An acid dragon (D:9)
  3 orc warriors
  3 black bears
  4 ice beasts
  A sky beast (D:4)
  An ogre (D:6)
  A wolf (D:10)
  9 centaurs
  7 kobold brigands
  A bullfrog (D:8)
  A gnoll sergeant (D:10)
  A scorpion (D:5)
  5 wights (D:8)
  5 howler monkeys
  A crimson imp (D:11)
  A jelly (D:4)
  9 hounds
  Crazy Yiuf (D:7)
  A gnoll bouda (D:4)
  An orc priest (D:3)
  2 sleepcaps
  Ijyb (D:5)
  12 orc wizards
  13 gnolls
  8 adders
  A shadow imp (D:6)
  4 white imps
  2 ufetubi
  5 worms
  2 dart slugs
  31 orcs
  5 endoplasms
  6 giant cockroaches
  12 goblins
  4 hobgoblins
  9 kobolds
  4 quokkas
  8 ball pythons
  4 bats
  4 frilled lizards
  3 rats
  A butterfly (D:5)
244 creatures vanquished.

Vanquished Creatures (collateral kills)
  Maggie (D:7)
1 creature vanquished.

Vanquished Creatures (others)
  A sky beast (D:7)
  A shadow imp (D:8)
  An orc (D:7)
3 creatures vanquished.

Grand Total: 248 creatures vanquished

Notes
Turn   | Place    | Note
-------+----------+-------------------------------------------
     0 | D:1      | Heoruswealwe the Demigod Hunter began the quest for the
                  | Orb.
     0 | D:1      | Reached XP level 1. HP: 17/17 MP: 3/3
   165 | D:1      | Reached XP level 2. HP: 24/24 MP: 4/4
   676 | D:2      | Reached XP level 3. HP: 20/30 MP: 5/5
  1309 | D:3      | Reached XP level 4. HP: 7/38 MP: 6/6
  2177 | D:4      | Reached skill level 5 in Ranged Weapons
  2177 | D:4      | Reached XP level 5. HP: 46/46 MP: 7/7
  2204 | D:4      | Noticed Grinder
  2212 | D:4      | Killed Grinder
  2213 | D:4      | Reached XP level 6. HP: 53/53 MP: 8/8
  2250 | D:4      | Found Giukad's Antique Weapon Shoppe.
  2259 | D:4      | Bought a runed arbalest for 202 gold pieces
  2522 | D:4      | Reached skill level 5 in Fighting
  2582 | D:4      | Reached XP level 7. HP: 61/61 MP: 9/9
  2909 | D:5      | Entered Level 5 of the Dungeon
  2918 | D:5      | Identified the +1 dagger of Vengeance {flame, rC- rCorr
                  | Stlth+}
  2940 | D:5      | Noticed Ijyb
  2949 | D:5      | Killed Ijyb
  3046 | D:5      | Found a staircase to the Ecumenical Temple.
  3052 | Temple   | Entered the Ecumenical Temple
  3546 | D:6      | Reached XP level 8. HP: 64/71 MP: 10/10
  3782 | D:6      | Noticed a two-headed ogre
  3786 | D:6      | Killed a two-headed ogre
  4209 | D:7      | Reached XP level 9. HP: 30/81 MP: 11/11
  4210 | D:7      | HP: 2/81 [centaur/arrow (12)]
  5042 | D:6      | You fall into a shaft and drop 3 floors!
  5461 | D:7      | Noticed Maggie
  5481 | D:7      | Killed Maggie
  5482 | D:7      | Reached skill level 10 in Ranged Weapons
  5824 | D:7      | Found a runed translucent door.
  5825 | D:7      | Noticed Crazy Yiuf
  5829 | D:7      | Killed Crazy Yiuf
  5948 | D:8      | Noticed an unseen horror
  5952 | D:8      | Killed an unseen horror
  6149 | D:8      | Reached XP level 10. HP: 67/93 MP: 13/13
  6652 | D:8      | Reached skill level 10 in Fighting
  6667 | D:8      | Noticed a smoke demon
  6669 | D:8      | Noticed a soul eater
  6684 | D:8      | Found the +7 Throatcutter {drain, coup de grace}
  7022 | D:8      | Noticed Prince Ribbit
  7030 | D:8      | Killed Prince Ribbit
  7199 | D:9      | HP: 1/95 [yak (12)]
  7682 | D:9      | Noticed a two-headed ogre
  7687 | D:9      | Killed a two-headed ogre
  7876 | D:9      | Reached XP level 11. HP: 67/102 MP: 14/14
  8193 | D:10     | Entered Level 10 of the Dungeon
  8801 | D:9      | You fall into a shaft and drop 2 floors!
  8804 | D:11     | Found a staircase to the Orcish Mines.
  9066 | D:11     | Identified the +11 spear "Sainenomim" {freeze, Str-3 Int+4
                  | Stlth+}
  9171 | D:11     | Identified the +5 plate armour of the Gate {Harm Slay+5}
  9323 | D:11     | Found a staircase to the Lair.
  9547 | D:10     | You fall into a shaft and drop 2 floors!
  9592 | D:12     | Annihilated by an enormous slime creature

Illustrated notes

Levels and vault maps discovered:
D:1:      ebering_trefoil_twist, layout_loops_ring,
          nicolae_ecumenical_snake_handling
D:2:      layout_basic
D:3:      layout_basic, overflow_temple_1_default
D:4:      layout_loops_corners, nicolae_overflow_hidden_temple, serial_shops,
          nicolae_shop_dealshenge, grunt_ministairs_10, uniq_grinder
D:5:      layout_loops_ring, minmay_temple_entry_butterflies, serial_glass,
          glass_columns_a, glass_columns_a, uniq_ijyb
D:6:      layout_loops_cross
D:7:      layout_loops_ring, uniq_maggie, uniq_crazy_yiuf_cottage
D:8:      layout_basic, fiery_altar_vehumet, dilly_guarded_unrand_throatcut,
          uniq_prince_ribbit1
D:9:      layout_long_grid, nicolae_qazlal_eye_of_the_storm,
          mainiacjoe_overflow_catwalk, kennysheep_mini,
          hangedman_minor_gate_pass
D:10:     layout_rooms, nicolae_uskayaw_dance_hall, lemuel_tele_altar,
          gammafunk_temple_overflow_statue, nicolae_tso_carved_into_rock,
          serial_ice, serial_ice_j, serial_ice_h, serial_ice_a, serial_ice_e,
          serial_ice_g, serial_ice_d, blue_anna_alchemist
D:11:     layout_irregular_city, david_lair_shrubbed, orc_0_dummy,
          minmay_fire_ice_demons
D:12:     layout_roguey, lemuel_another_geyser
Temple:   minmay_freezing_vapour_temple

Skill      XL: |  1  2  3  4  5  6  7  8  9 10 11 |
---------------+----------------------------------+-----
Fighting       | 2 3 4 5 6 8 9 11 12 | 12.5
Ranged Weapons | 4 5 6 7 8 10 12 | 12.9
Dodging        | |  1.7
Stealth        | |  0.8

Action                     |  1- 3 |  4- 6 |  7- 9 | 10-12 || total
---------------------------+-------+-------+-------+-------++-------
  Melee: Long sword        |       |       |       |    43 ||    43
         Punch             |       |       |       |     2 ||     2
   Fire: Shortbow          |   141 |    36 |       |       ||   177
         Arbalest          |       |    29 |   193 |   215 ||   437
    Use: Scroll            |     4 |     3 |     7 |     6 ||    20
         Potion            |       |       |     4 |       ||     4
 Armour: Leather armour    |    13 |     3 |    17 |       ||    33
         Steam dragon scal |       |       |     6 |    14 ||    20
         Troll leather arm |       |       |       |    20 ||    20
  Dodge: Dodged            |    31 |     7 |   125 |   105 ||   268
